 Dungeon Crawl Stone Soup version 0.18-a0-900-gbbf5c82 (webtiles) character file.

23 Duffy the Skirmisher (level 2, 0/28 HPs)
             Began as a Naga Berserker on Dec 24, 2015.
             Was a Follower of Trog.
             Slain by a jackal (2 damage)
             ... on level 2 of the Dungeon.
             The game lasted 00:01:04 (1986 turns).

Duffy the Skirmisher (Naga Berserker)               Turns: 1986, Time: 00:01:04

Health: 0/28       AC:  1    Str: 19    XL:     2   Next: 95%
Magic:  2/2        EV:  9    Int:  7    God:    Trog [*.....]
Gold:   87         SH:  0    Dex: 10    Spells: 0 memorised, 1 level left

rFire  . . .     SeeInvis +     a - +0 hand axe
rCold  . . .     Gourm    .     b - +0 animal skin
rNeg   . . .     Faith    .     (no shield)
rPois  +         Spirit   .     (no helmet)
rElec  .         Dismiss  .     (no cloak)
rCorr  .         Reflect  .     (no gloves)
SustAt .         Harm     .     (no barding)
MR     .....                    (no amulet)
Stlth  +.........               (no ring)
                                (no ring)

@: very slow, not resistant to hostile enchantments, very unstealthy
A: see invisible, deformed body, poison resistance, slowness 2, slow metabolism
1, spit poison 2, AC +0
a: Spit Poison, Berserk, Burn Spellbooks, Renounce Religion


You were on level 2 of the Dungeon.
You worshipped Trog.
Trog was aware of your devotion.
You were not hungry.

You visited 1 branch of the dungeon, and saw 2 of its levels.

You collected 87 gold pieces.


Innate Abilities, Weirdness & Mutations

You cannot wear boots.
Your serpentine skin is tough (AC +0).
You have supernaturally acute eyesight.
Armour fits poorly on your strangely shaped body.
Your system is resistant to poisons.
You cover ground very slowly.
You have a slow metabolism.
You can spit poison.


   Skills:
 + Level 3.6 Fighting
 + Level 3.4 Axes
 - Level 1.5 Armour
 - Level 1.5 Dodging


You had one spell level left.
You didn't know any spells.

Inventory:

Hand Weapons
 a - a +0 hand axe (weapon)
Missiles
 i - 12 poisoned needles
Armour
 b - a +0 animal skin (worn)
Jewellery
 g - an uncursed ring of stealth {unknown}
Scrolls
 e - a scroll of identify {unknown}
 f - a scroll of fear {unknown}
Potions
 d - 2 potions of ambrosia {unknown}
Comestibles
 c - a bread ration
 h - a slice of pizza
 j - a chunk of flesh

Dungeon Overview and Level Annotations

Branches:
Dungeon (2/15)

Altars:
Okawaru
Qazlal
Trog
Vehumet


Message History

You are too injured to fight recklessly!
You are too injured to fight recklessly!
You are too injured to fight recklessly!
You are too injured to fight recklessly!
You are too injured to fight recklessly!
You are too injured to fight recklessly!
You are too injured to fight recklessly!
You are too injured to fight recklessly!
You are too injured to fight recklessly!
You are too injured to fight recklessly!
You are too injured to fight recklessly!
You are too injured to fight recklessly!
You are too injured to fight recklessly!
You are too injured to fight recklessly!
You are too injured to fight recklessly!
You are too injured to fight recklessly!
You are too injured to fight recklessly!
You hit the jackal.
You kill the jackal!
Trog accepts your kill. The jackal bites you.
Some of the chunks of flesh in your inventory have rotted away.
You closely miss the jackal. The jackal barely misses you.
You closely miss the jackal. The jackal barely misses you.
The jackal bites you.
You closely miss the jackal. The jackal bites you. The jackal bites you.
You hit the jackal but do no damage. The jackal closely misses you.
You barely miss the jackal. The jackal bites you. The jackal bites you.
You closely miss the jackal. The jackal barely misses you.
You closely miss the jackal. The jackal barely misses you.
The jackal bites you.
You barely miss the jackal. The jackal barely misses you. The jackal bites you.
You hit the jackal but do no damage. The jackal closely misses you.
You hit the jackal but do no damage. The jackal bites you.
You die...

#.##.
#.8.8.#.#.8.8.# #
#.
#.._..#.#.._..#
#.
#.8...#.#...8.#
#. #...'#.#'...#
#.
#####...#####.#
#.
...!....}........
#.#####...#####..
+#.#'(..#
#@#...8.#
#h#.._..#
#K#.8.8.#
#.##...## =..
#### .(# ... ....


You could see a jackal and a kobold.

Action                   || total
-------------------------++-------
Melee: Hand axe          ||    77
 Stab: Sleeping          ||     1
  Eat: Chunk             ||     2

Notes
Turn   | Place    | Note
--------------------------------------------------------------
     0 | D:1      | Duffy the Naga Berserker began the quest for the Orb.
     0 | D:1      | Reached XP level 1. HP: 21/21 MP: 1/1
   465 | D:1      | Found a radiant altar of Vehumet.
   502 | D:1      | Reached XP level 2. HP: 18/28 MP: 2/2
  1927 | D:2      | Found a bloodstained altar of Trog.
  1933 | D:2      | Found a stormy altar of Qazlal.
  1938 | D:2      | Found an iron altar of Okawaru.
  1986 | D:2      | Slain by a jackal

Vault maps used:
D:1:      dpeg_arrival_water_altar
D:2:      nicolae_overflow_hidden_temple, grunt_temple_overflow_cloverleaf,
          lemuel_crystal_altar, old_standard_altar, first_bread

Vanquished Creatures
  A giant gecko
  3 hobgoblins
  3 kobolds
  A giant cockroach
  7 goblins
  3 jackals
  2 rats
20 creatures vanquished.
